 Dungeon Crawl Stone Soup version 0.28.0-43-g3370ac3207 (webtiles) character file.

Game seed: 13865010138629301016

239 pkoi the Ruffian (level 5, 0/45 HPs)
             Began as a Demigod Gladiator on Mar 28, 2022.
             Succumbed to a scorpion's poison
             ... on level 4 of the Dungeon.
             The game lasted 00:04:47 (5725 turns).

pkoi the Ruffian (Demigod Gladiator)                Turns: 5725, Time: 00:04:48

Health: 0/45       AC:  4    Str: 19    XL:     5   Next: 49%
Magic:  7/7        EV: 13    Int: 10    God:
Gold:   116        SH:  0    Dex: 15    Spells: 4/4 levels left

rFire   . . .      SeeInvis .     - Unarmed
rCold   . . .      Faith    .   (no shield)
rNeg    + . .      Spirit   .   k - +0 robe {rN+}
rPois   .          Reflect  .   b - +1 helmet
rElec   .          Harm     .   (no cloak)
rCorr   .          Rampage  .   (no gloves)
Will    .....                   (no boots)
Stlth   +.........              (no amulet)
HPRegen 0.15/turn               (no ring)
MPRegen 0.10/turn               (no ring)

@: lethally poisoned (0 -> -7)
A: high MP 1, forlorn, divine attributes
a: no special abilities


You were on level 4 of the Dungeon.
You visited 1 branch of the dungeon, and saw 4 of its levels.

You collected 116 gold pieces.

Inventory:

Hand Weapons
 g - a +4 whip
 j - a +1 dagger of venom
Missiles
 c - 4 throwing nets
 f - 6 silver javelins (quivered)
Armour
 a - a +0 leather armour
 b - a +1 helmet (worn)
 k - a +0 robe of positive energy (worn)
Scrolls
 i - a scroll of blinking
 m - a scroll of enchant weapon


   Skills:
 + Level 3.1 Fighting
 - Level 1.7 Throwing
 + Level 3.7 Dodging
 * Level 4.6 Unarmed Combat


You had 4 spell levels left.
You didn't know any spells.
Your spell library contained the following spells:

 Spells                   Type           Power      Damage    Failure   Level
 Shock                    Conj/Air       0%         1d3       36%         1
 Swiftness                Air            0%         N/A       75%         3
 Airstrike                Air            0%         N/A       98%         4


Dungeon Overview and Level Annotations

Branches:
Dungeon (4/15)
 Temple: D:4-7

Shops:
D:3 :


Innate Abilities, Weirdness & Mutations

You have an increased reservoir of magic. (+10% MP)
You shall have no god before yourself.
Your divine heritage dramatically boosts your attributes as you level up.


Message History

You barely miss the scorpion. The scorpion stings you!
* * * LOW HITPOINT WARNING * * *
You closely miss the scorpion.
The scorpion stings you but does no damage.
You completely miss the scorpion. The scorpion closely misses you.
You barely miss the scorpion. The scorpion closely misses you.
You hit the scorpion.
The scorpion is moderately wounded.
The scorpion barely misses you.
You closely miss the scorpion. Your punch misses the scorpion.
The scorpion is moderately wounded.
The scorpion stings you but does no damage.
You closely miss the scorpion.
The scorpion is moderately wounded.
The scorpion stings you.
* * * LOW HITPOINT WARNING * * *
You barely miss the scorpion. You punch the scorpion.
The scorpion is moderately wounded.
The scorpion stings you.
* * * LOW HITPOINT WARNING * * *
The scorpion closely misses you.
You barely miss the scorpion.
The scorpion is moderately wounded.
The scorpion stings you.
* * * LOW HITPOINT WARNING * * *
You hit the scorpion but do no damage.
The scorpion is moderately wounded.
The scorpion stings you!
* * * LOW HITPOINT WARNING * * *
You are poisoned.
The scorpion poisons you!
You hit the scorpion.
The scorpion is heavily wounded.
* * * LOW HITPOINT WARNING * * *
You feel very sick. The scorpion stings you!
* * * LOW HITPOINT WARNING * * *
You hit the scorpion.
The scorpion is heavily wounded.
You die...

###+#######.# #
.........##.# .
.........##.#
.........##.#
.)..........####.#
...................
.........#######.##
...##s.$.#
#.@..#####
+.........
#.†..##### #....#
#....# #....#
######


You could see a scorpion.

Vanquished Creatures
  A necrophage (D:3)
  A gnoll shaman (D:4)
  2 adders
  2 gnolls
  An adder skeleton (D:2)
  3 worms
  2 dart slugs
  4 orcs
  3 bats
  6 endoplasms
  2 giant cockroaches
  8 goblins
  4 hobgoblins
  4 jackals (D:1)
  6 kobolds
  A quokka (D:3)
  5 ball pythons
  A frilled lizard (D:1)
  6 rats
62 creatures vanquished.

Vanquished Creatures (others)
  6 plants (D:3)
6 creatures vanquished.

Grand Total: 68 creatures vanquished

Notes
Turn   | Place    | Note
-------+----------+-------------------------------------------
     0 | D:1      | pkoi the Demigod Gladiator began the quest for the Orb.
     0 | D:1      | Reached XP level 1. HP: 17/17 MP: 3/3
   374 | D:1      | Reached skill level 3 in Unarmed Combat
   458 | D:1      | Reached XP level 2. HP: 20/24 MP: 4/4
  1248 | D:1      | Reached XP level 3. HP: 16/29 MP: 5/5
  2998 | D:3      | Found Hust's Book Boutique.
  3671 | D:3      | Reached XP level 4. HP: 33/37 MP: 6/6
  4912 | D:4      | Noticed a necrophage
  4943 | D:3      | Killed a necrophage
  4944 | D:3      | Reached skill level 4 in Unarmed Combat
  4944 | D:3      | Reached XP level 5. HP: 17/45 MP: 7/7
  5724 | D:4      | HP: 1/45 [scorpion (8)]
  5725 | D:4      | Succumbed to a scorpion's poison

Illustrated notes

Levels and vault maps discovered:
D:1:      lemuel_arrival_broad_hall, layout_basic
D:2:      layout_basic, basic_altar
D:3:      layout_loops_ring, grunt_gozag_statues,
          hellmonk_ecumenical_altar_blasted, serial_shops, shop,
          serial_bayou_ford_a, hex_medium, serial_bayou_pond_b,
          kennysheep_minor_cross
D:4:      layout_basic, minmay_ogre_servants

Skill      XL: |  1  2  3  4 |
---------------+-------------+-----
Fighting       | 2 3 |  3.1
Unarmed Combat | 3 4 |  4.6
Dodging        | 3 |  3.7
Throwing       | |  1.7

Action                   |  1- 3 |  4- 6 || total
-------------------------+-------+-------++-------
Melee: Unarmed           |    94 |    68 ||   162
       Punch             |     3 |     1 ||     4
       Dagger            |    82 |    31 ||   113
  Use: Scroll            |       |     5 ||     5
       Potion            |       |     2 ||     2
 Stab: Sleeping          |     3 |       ||     3
       Distracted        |       |     1 ||     1
Armor: Leather armour    |    29 |       ||    29
       Robe              |    14 |    13 ||    27
Dodge: Dodged            |   129 |    50 ||   179
